 Dungeon Crawl Stone Soup version 0.28-a0-1429-gf3d713df7a (webtiles) character file.

Game seed: 14898691331020766778

18 Cheeritup the Caller (level 2, 0/15 HPs)
             Began as a Tengu Summoner on Jan 8, 2022.
             Slain by an adder (3 damage)
             ... on level 2 of the Dungeon.
             The game lasted 00:03:24 (1667 turns).

Cheeritup the Caller (Tengu Summoner)               Turns: 1667, Time: 00:03:24

Health: 0/15       AC:  2    Str:  8    XL:     2   Next: 66%
Magic:  4/6        EV: 12    Int: 15    God:
Gold:   46         SH:  0    Dex: 14    Spells: 2/5 levels left

rFire   . . .      SeeInvis .   b - +0 short sword
rCold   . . .      Faith    .   (no shield)
rNeg    . . .      Spirit   .   a - +0 robe
rPois   .          Reflect  .   d - +0 hat
rElec   .          Harm     .   (no cloak)
rCorr   .          Rampage  .   (no gloves)
Will    .....                   (boots unavailable)
Stlth   ++........              (no amulet)
HPRegen 0.05/turn               (no ring)
MPRegen 0.10/turn               (no ring)

@: no status effects
A: beak, talons 3
a: no special abilities


You were on level 2 of the Dungeon.
You visited 1 branch of the dungeon, and saw 2 of its levels.

You collected 46 gold pieces.

Inventory:

Hand Weapons
 b - a +0 short sword (weapon)
Missiles
 c - 25 stones
Armour
 a - a +0 robe (worn)
 d - a +0 hat (worn)
Jewellery
 g - a ring of flight
Scrolls
 e - a scroll of identify {unknown}
Potions
 f - a potion of ambrosia {unknown}


   Skills:
 - Level 2.1 Dodging
 - Level 2.0 Stealth
 - Level 2.0 Spellcasting
 + Level 5.7 Summonings


You had 2 spell levels left.
You knew the following spells:

 Your Spells              Type           Power      Damage    Failure   Level
a - Summon Small Mammal   Summ           72%        N/A       1%          1
b - Call Imp              Summ           18%        N/A       3%          2

Your spell library contained the following spells:

 Spells                   Type           Power      Damage    Failure   Level
 Call Canine Familiar     Summ           18%        N/A       6%          3
 Summon Guardian Golem    Hex/Summ       10%        N/A       21%         3
 Summon Lightning Spire   Summ/Air       10%        N/A       56%         4


Dungeon Overview and Level Annotations

Branches:
Dungeon (2/15)

Altars:


Innate Abilities, Weirdness & Mutations

You have a beak for a mouth.
You have claws for feet.


Message History

You closely miss the rat. The rat bites you.
You closely miss the rat. You claw the rat.
You kill the rat!
A bat comes into view.
The bat moves out of view.
A goblin comes into view. It is wielding a +0 club.
Casting: Summon Small Mammal (safe; 1% risk of failure)
Confirm with . or Enter, or press ? or * to list all spells.
A beastly little devil appears in a puff of flame.
The bat closely misses you.
Your crimson imp closely misses the bat.
You barely miss the bat. Your kick misses the bat.
The goblin shouts!
You hear an angry hiss.
The bat closely misses you.
Your quokka closely misses the bat.
Your crimson imp blinks!
The bat hits you but does no damage.
An adder comes into view.
Your quokka closely misses the bat.
Your crimson imp blinks!
The bat closely misses you.
You hit the bat but do no damage. The bat misses you.
You hit the adder. Your kick misses the adder.
The adder is moderately wounded.
The bat closely misses you. The adder bites you.
You are poisoned.
The adder poisons you! The goblin misses you.
Your quokka closely misses the bat.
Your crimson imp barely misses the bat.
The adder bites you.
You miss the adder. Your kick misses the adder.
The adder is moderately wounded.
You feel sick. The bat hits you but does no damage.
Your quokka misses the bat. The goblin hits you with a +0 club.
The adder bites you.
* * * LOW HITPOINT WARNING * * *
Your crimson imp hits the bat.
You feel sick.
Your quokka barely misses the adder.
The bat closely misses you. The goblin barely misses you.
You feel sick.
You are no longer poisoned.
The bat misses you. The adder bites you.
You die...

#.# #...........
#.# #...........
####.#
#†..........
.....#
#...########
####.#######...#
#.#.........#
#...#######.###
#.### #....## #
#.# #.##@.# ≈≈#
..#
####.#g.S#≈≈≈##
####
........b≈≈≈≈≈.
####...r5≈≈≈≈.≈
#.....≈≈≈≈≈≈.≈.
..≈≈≈.≈≈≈≈≈≈≈..
.≈.≈≈≈≈≈≈≈.≈...
≈≈≈≈≈≈≈≈≈≈.....
≈≈≈≈≈≈PP≈.....#


You could see an adder, a goblin, a bat (ally target), a friendly crimson imp
(summoned) and a friendly quokka (summoned).

Vanquished Creatures
  A dart slug (D:2)
  An endoplasm (D:1)
  2 giant cockroaches (D:2)
  3 goblins (D:1)
  A hobgoblin (D:1)
  A ball python (D:1)
  4 bats
  A kobold (D:1)
  A rat (D:2)
15 creatures vanquished.

Vanquished Creatures (others)
  4 plants (D:2)
4 creatures vanquished.

Grand Total: 19 creatures vanquished

Notes
Turn   | Place    | Note
-------+----------+-------------------------------------------
     0 | D:1      | Cheeritup the Tengu Summoner began the quest for the Orb.
     0 | D:1      | Reached XP level 1. HP: 10/10 MP: 4/4
     3 | D:1      | Noticed an electric eel
     4 | D:1      | Noticed an electric eel
   296 | D:1      | Reached skill level 5 in Summonings
   695 | D:1      | Reached XP level 2. HP: 15/15 MP: 6/6
  1069 | D:1      | Found a faded altar of an unknown god.
  1200 | D:2      | Learned a level 2 spell: Call Imp
  1667 | D:2      | Slain by an adder

Illustrated notes

Levels and vault maps discovered:
D:1:      arrival_aquarium_b, layout_loops_ring,
          shapermc_ecumenical_altar_mp_highgroup, serial_bayou_pond_a
D:2:      mumra_celtic_spiral_tile, layout_basic, chequers_big_river,
          hangedman_abyss_or_decor_lesser_grid

Skill      XL: |  1 |
---------------+----+-----
Summonings     | 5 |  5.7
Dodging        | |  2.1
Stealth        | |  2.0
Spellcasting   | |  2.0

Action                   || total
-------------------------++-------
Melee: Short sword       ||    45
       Kick              ||    11
       Unarmed           ||     2
       Peck              ||     9
 Cast: Summon Small Mamm ||     4
       Call Imp          ||     1
 Stab: Sleeping          ||     4
Armor: Robe              ||    11
Dodge: Dodged            ||    34

Table legend: (Time is in decaauts)
 A = Elapsed time spent in this place.
 B = Non-inter-level travel time spent in this place.
 C = Inter-level travel time spent in this place.
 D = Time resting spent in this place.
 E = Time spent auto-exploring this place.
 F = Levels seen in this place.
 G = Mean time per level.
                   A        B        C        D        E       F      G
               +--------+--------+--------+--------+--------+-----+--------+
         Total |   1670 |   1645 |     25 |    308 |   1092 |   2 |  835.0 |
       Dungeon |   1670 |   1645 |     25 |    308 |   1092 |   2 |  835.0 |
               +--------+--------+--------+--------+--------+-----+--------+

Top non-repeatable levels by time:
     D:1: 1185 daAuts
     D:2: 485 daAuts
